Workbook

Sheet Sheet1
C1: Apex Towers | Q1: Gurunath Site | AB1: Jinta Enclave
A2: voucher no | B2: Chalan no | C2: A/C of | D2: pay to | E2: Date | F2: Rupees | O2: Voucher-no | P2: Chalan no | Q2: A/C of | R2: Pay to | S2: Date | T2: Rupees | U2: Rate | V2: Qt | Z2: Voucher-no | AA2: Chalan no | AB2: A/C of | AC2: Pay to | AD2: Date | AE2: Rupees | AF2: Rate | AG2: Qt
A3: 0 | B3: 351 | C3: turck fare from panchami to apex towers, sl no- ,truck no-wb53/9539,wb.53A/1608 | D3: sk fujh | E3: 19/12/11 | F3: 36230 | H3: 880 | I3: 43.635t | J3: 5/8 fress | K3: 38398.8 | P3: 1 | Q3: Sand (Damodor) | R3: Kanchanda | S3: 41218 | T3: 1650 | U3: 2445 | W3: 3'1" * 14'5" * 7'4" | Z3: 172 | AA3: 801 | AB3: Best (Shibpur) , vehicle no- wb-39-tc-k-370 | AD3: 41160 | AE3: 7000 | AF3: 7000/1000p | AG3: 1500
A4: 1 | B4: 352 | C4: turck fare from panchami to apex towers, sl no-2739, truck no-wb 37A/3940 | D4: Sk Nasim | E4: 26/12/11 | F4: 5600 | H4: 890 | I4: 24.34t | J4: 5/8 fress | K4: 21662.6 | O4: 163 | P4: 851 | Q4: chips5/8 to Gurunath site vehicle no-WB 53A/1668 | R4: chattu | S4: 13/7/12 | T4: 5000 | U4: 18905 | W4: 19.9 | Z4: 175 | AA4: 802 | AB4: Sand from kartik pal | AC4: Goutam Mandol | AD4: 41160 | AE4: 2050 | AF4: 750/100cft | AG4: 100cft
A5: 7 | B5: 353 | C5: sand chandi bid to apex tower | D5: chandi bid | E5: 31/12/11 | F5: 3250 | H5: 700 | I5: 557.95cft | J5: Ajoy | K5: 3906 | O5: 164 | P5: 852 | Q5: Ajoy Sand from chandi bid to Gurunath site | R5: kanchan das | S5: 14/7/12 | T5: 7000 | U5: 7398 | Z5: 177 | AA5: 803 & 804 | AB5: Best (Shibpur) , 6000 | AC5: chattu | AD5: 17/8/12 | AE5: 20000 | AG5: 6000
A6: 9 | B6: 354 | C6: truck fare from panchami to apex tower, truck no-wb53A/0121 | D6: Rabindra giri | E6: 4/12012 | F6: 5872 | H6: 890 | I6: 23.2t | J6: 5/8 fress | K6: 20648 | O6: 166 | P6: 853 | Q6: Chips5/8 from Prince to Gurunath site, vehicle no-WB-53A/3597 | R6: Prince | S6: 16/7/12 | T6: 25000 | U6: 29868 | W6: 31.44 | Z6: 179 | AA6: 805 | AB6: Sand from Sudeb to Jahorda(flat) | AC6: Sudeb | AD6: 18/8/12 | AE6: 2400 | AG6: 414cft
A7: 10 | B7: 355 | C7: truck fare from panchami to apex tower, sl no-3713, truck no-wb37/9167 | D7: Gulam nabi | E7: 41061 | F7: 5130 | H7: 890 | I7: 22.07t | J7: 5/8 fress | K7: 19642.3 | O7: 167 | P7: 854 | Q7: Ajoy Sand from chandi bid to Gurunath site, vehicle no-WB 39A/1679 | R7: chandi bid | S7: 16/7/12 | T7: 5700 | U7: 7830 | W7: 15'10", 7'9", 7'1" | Z7: 180 | AA7: 806 | AB7: Best bricks , vehicle no-wb-39A/3972 | AC7: Sanjoy | AD7: 22/8/12 | AE7: 10000 | AG7: 1500
A8: 11 | B8: 356 | C8: sand chandi bid to Apex tower,truck no-wb39A/5638 | D8: chandi bid | E8: 41091 | F8: 3300 | H8: 700 | I8: 556.11cft | J8: Ajoy | K8: 3892 | L8: paid | M8: 108150 | O8: 173 | P8: 859 | Q8: Chips5/8 Ramjan to Gurunath site | R8: Balaram | S8: 41190 | T8: 5000 | U8: 20881 | W8: 21.98 | AA8: 807 | AB8: Ajoy Sand from Chandi bid | AD8: 23/8/12 | AG8: 16', 7'9", 7'10"
A9: 14 | B9: 357 | C9: sand from chandi bid, vechile no-wb-39A/5638 to Apex towers | D9: Tanu mondol | E9: 19/1/12 | F9: 3200 | H9: 700 | I9: 556 | J9: Ajoy | K9: 3892 | O9: 176 | P9: 855 | Q9: Sand (Damodor),vehicle no-wb-39/1679 | R9: Biseshor | S9: 41068 | U9: 2250 | W9: 300cft | Z9: 181 | AA9: 808 | AB9: Hira brick (shibpur), vehicle no-wb-39C-3978 | AC9: Ananta | AD9: 23/8/12 | AE9: 10600 | AG9: 1500
A10: 17 | B10: 359 | C10: sand from chandi bid, vechile no-wb-39A/5638 to Apex towers | D10: Tanu mondol | E10: 24/1/12 | F10: 3300 | H10: 700 | I10: 5'5" | J10: Ajoy | K10: 3833.83 | O10: 176 | P10: 856 | Q10: Sand (Damodor),vehicle no-wb-39/1679 | R10: Biseshor | S10: 41068 | U10: 2250 | W10: 300cft | Z10: 182 | AA10: 809 | AB10: Hira brick (shibpur), vehicle no-wb-39a/3636 | AC10: Mathura | AD10: 24/8/12 | AE10: 10600 | AG10: 1500 | AH10: 98508
A11: 19 | B11: 360 | C11: truck fare panchami to Apex towers, vechicle no-wb-37A/6943 | D11: Gulam mustafa | E11: 25/1/12 | F11: 5000 | H11: 890 | I11: 20.97t | J11: 5/8 black | K11: 18663.3 | O11: 176 | P11: 857 | Q11: Sand (Damodor),vehicle no-wb-39/1679 | R11: Biseshor | S11: 41098 | U11: 2250 | W11: 300cft | Z11: 183 | AA11: 810 & 811 | AB11: 2 truck Hira brick (shibpur), vehicle no-wb-39C-3978, wb-39a/3636 | AC11: Mathura | AD11: 25/8/12 | AE11: 21000 | AG11: 3000 | AH11: -95000
A12: 23 | B12: 361 & 362 | C12: sand 2 dumper from chandi bid, vechile no-wb-39A/5638 to Apex towers | D12: Tanu mondol | E12: 40941 | F12: 6500 | H12: 700 | I12: 5'4", 5'8" | J12: Ajoy | K12: 7785.55 | O12: 176 | P12: 858 | Q12: Sand (Damodor),vehicle no-wb-39/1679 | R12: Biseshor | S12: 41129 | U12: 2250 | W12: 300cft | X12: 96327 | Z12: 184 | AA12: 812 | AB12: Hira brick (shibpur), vehicle no-wb-39a/3636 | AC12: Kebal Das | AD12: 25/8/12 | AE12: 10500 | AG12: 1500
A13: 18 | B13: 363 | C13: truck fare from panchami to apex towers, vech-no-wb53A/1668 | D13: Balaram | E13: 40970 | F13: 4000 | H13: 890 | I13: 20.51t | J13: 5/8 black | K13: 18253.9 | L13: paid | M13: 52493 | O13: 194 | P13: 860 & 861 | Q13: 2 truck chips5/8 to gurunath site,wb-37-8973, wb-37A-1259 | R13: Majnu Khan | S13: 15/9/12 | T13: 10000 | U13: 38665 | W13: 20.6, 20.1 | X13: -96000 | AA13: 813 | AB13: Sand from kartik pal | AD13: 28/8/12 | AG13: 100cft
A14: 28 | B14: 365 | C14: sand from chandi bid, vechile no-wb-39A/5638 to Apex towers | D14: Tanu mondol | E14: 41154 | F14: 3300 | H14: 700 | I14: 572.96cft | J14: Ajoy | K14: 4010.74 | P14: 862 | Q14: Sand (Damodor),vehicle no-wb-39/1679 | S14: 20/9/12 | U14: 2250 | W14: 300cft | AA14: 814 | AB14: Hira brick(shibpur), wb-39a/3636 | AD14: 40977
A15: 31 | B15: 364 | C15: sand from chandi bid, vechile no-wb-39A/5638 to Apex towers | D15: chattu | E15: 41184 | F15: 3300 | H15: 700 | I15: 5'8" | J15: Ajoy | K15: 4010.74 | P15: 863 | Q15: Sand (Damodor),vehicle no-wb-39/1679 | S15: 21/9/12 | U15: 2250 | W15: 300cft | AA15: 815 | AB15: Ajoy sand to Jinta Enclave, | AD15: 41099 | AG15: 200cft
A16: 36 | B16: 366 & 367 | C16: sand, 2 dumper from chandi bid, vechile no-wb-39A/5638 to Apex towers | D16: Tanu mondol | E16: 23/2/2012 | F16: 6500 | H16: 700 | I16: 5'8", 5'8" | J16: Ajoy | K16: 8021.48 | P16: 864 | Q16: Sand (Damodor),vehicle no-wb-39/1679 | S16: 21/9/12 | U16: 2250 | W16: 300cft | AA16: 816 | AB16: Hira brick(shibpur), wb-39a/3636 | AD16: 41099 | AG16: 1500 | AH16: 60950
A17: 43 | B17: 368 | C17: truck fare panchami to Apex towers, vechicle no-wb-53A/1668 | D17: Ramjan | E17: 27/2/12 | F17: 5000 | H17: 890 | I17: 21.35 | K17: 19001.5 | P17: 865 | Q17: Sand (Damodor),vehicle no-wb-39/1679 | S17: 24/9/12 | U17: 2250 | W17: 300cft | X17: 47665 | AA17: 817 | AB17: chips5/8, vehicle no-WB 57A/1465 | AD17: 23/9/12 | AE17: 19855 | AF17: 950/ton | AG17: 20.9 ton | AH17: -50000
A18: 48 | B18: 371 | C18: Sand from chandi bid, vechile no-wb-39A/5638 to Apex towers | D18: Tanu mondol | E18: 40971 | F18: 3300 | H18: 700 | I18: 5'8" | K18: 4010.74 | P18: 866 | Q18: chips5/8, vehicle no- WB 37A/1259 | S18: 41192 | U18: 18449 | W18: 19.42 | X18: -47600 | AA18: 818 | AB18: Ajoy Sand, vehicle no-WB 39A/3636 | AD18: 24/9/12 | AE18: 1700 | AF18: 850/100 cft | AG18: 200 cft
A19: 51 | B19: 372 & 373 | C19: Sand from chandi bid to Apex towers | D19: Tanu mondol | E19: 41093 | F19: 6500 | H19: 700 | I19: 5'6", 5'10" | K19: 8000 | P19: 867 | Q19: chips5/8, vehicle no- WB 37B/1948 | S19: 41223 | U19: 19361 | W19: 20.38 | X19: 37810 | AA19: 819 | AB19: Sand (Damodor), vehicle no-WB39/1679 | AD19: 24/9/12 | AE19: 2613 | AF19: 750/100 cft | AG19: 348.4 cft
A20: 56 | B20: 374 | C20: truck fare panchami to Apex towers, vechicle no-wb-53/7365 | E20: 41216 | F20: 5180 | H20: 890 | I20: 22.31 | K20: 19855.9 | P20: 868 | Q20: chips5/8, vehicle no-WB 37B/1259 | S20: 41163 | U20: 18373 | W20: 19.34 | AA20: 820 | AB20: chips5/8, vehicle no-WB 37A/1259 | AD20: 14/10/12 | AE20: 18981 | AF20: 950/ton | AG20: 19.98 ton
A21: 71 | B21: 375 | C21: Sand from chandi bid to Apex towers | D21: Kanchanda | E21: 22/3/12 | F21: 3300 | H21: 700 | I21: 5'6" | K21: 4000 | P21: 869 | Q21: chips5/8, vehicle no- WB 37B/1948 | S21: 41163 | U21: 19608 | W21: 20.64 | AA21: 821 | AB21: chips5/8, vehicle no-WB 37/8973 | AD21: 14/10/12 | AE21: 19456 | AF21: 950/ton | AG21: 20.48 ton
A22: 73 | B22: 376 | C22: Chips panchami to Apex Towers, vehicle no-WB-03B-4375 | D22: Sk Sabir | E22: 23/3/12 | F22: 5350 | H22: 890 | I22: 23.18 | K22: 20630 | L22: paid | M22: 91452 | N22: -431 | P22: 870 | Q22: Sand(Damodor), vehicle no-WB 39/1679 | S22: 41163 | U22: 2250 | W22: 300cft | AA22: 822 | AB22: chips5/8. vehicle no-WB 37A/1259 | AD22: 15/10/12 | AE22: 18373 | AF22: 950/ton | AG22: 19.34 ton
A23: 87 | B23: 377 & 378 | C23: Sand from chandi bid to Apex towers | D23: Tanu mondol | E23: 40943 | F23: 6600 | G23: 6'9" | H23: 700 | I23: 6'9", 5'2" | K23: 8439 | P23: 871 & 872 | Q23: Sand(Damodor), vehicle no-WB 39/1679 | S23: 41193 | U23: 4500 | W23: 600cft | AA23: 823 | AB23: Sand (Damodor), vehicle no-WB39/1679 | AD23: 17/10/12 | AE23: 2743 | AF23: 750/100 cft | AG23: 365.85 cft
A24: 95 | B24: 379 | C24: Samd from chandi bid (Ajoy),truck no-wb39A/5638 | D24: Tanu mondol | E24: 41125 | F24: 3300 | H24: 700 | I24: 5'8" | K24: 4011 | P24: 873 | Q24: Sand(Damodor), vehicle no-WB 39/1679 | S24: 41254 | U24: 2250 | W24: 300cft | X24: 46981 | AA24: 824 | AB24: Sand (Damodor), vehicle no-WB39/1679 | AD24: 18/10/12 | AE24: 2613 | AF24: 750/100 cft | AG24: 348.40 cft | AH24: 86334
A25: 97 | B25: 380 | C25: truck fare panchami to Apex towers, truck no-WGD-1527, sl no-11563 | E25: 41217 | F25: 5430 | H25: 890 | I25: 23.9 | J25: 5/8 black | K25: 21271 | P25: 874 | Q25: chips5/8, vehicle no- WB 37B/1948 | S25: 15/12/12 | U25: 19475 | W25: 20.5 | AA25: 825 | AB25: Best bricks , | AD25: 14/10/12 | AE25: 1740 | AF25: 5.8/brick | AG25: 300 | AH25: 1740
A26: 98 | B26: 381 & 383 | C26: sand 2 dumper from chandi bid, vechile no-wb-39A/5638 to Apex towers | D26: Tanu mondol | E26: 23/4/12 | F26: 6500 | H26: 700 | I26: 5'6'', 5'3'' | K26: 7609 | L26: paid | M26: 41290 | N26: -40 | P26: 875 | Q26: chips5/8, vehicle no- WB 37A/1259 | S26: 15/12/12 | U26: 18753 | W26: 19.74 | AA26: 826 | AB26: Sand (Damodor), vehicle no-WGA/4776 | AD26: 40919 | AE26: 2250 | AF26: 750/100 cft | AG26: 300 cft | AH26: 2250
A27: 111 | B27: 384 | C27: truck fare panchami to Apex towers, truck no-WB 37/6943 | D27: sk riaj | E27: 29/4/12 | F27: 5000 | H27: 890 | I27: 21.64 | J27: 5/8 black | K27: 19260 | P27: 876 to 879 | Q27: Sand(Damodor), vehicle no-WB 39/1679 | S27: 23/12/12 | U27: 9000 | W27: 1200cft | X27: 47228 | AH27: =SUM(AH10:AH26) -> 104782
A28: 112 | B28: 385 & 386 | C28: 2 dumper Sand from chandi bid to Apex towers, truck no-WB 39A/5638 | D28: Tanu mondol | E28: 40913 | F28: 6600 | H28: 700 | I28: 5'5", 5'7" | K28: 7786 | L28: bill_358 | M28: 30769 | N28: due
A29: 117 | B29: 387 | C29: Sand from chandi bid to Apex Towers, truck no-WB 39A/5638 | D29: Tanu mondol | E29: 41126 | F29: 3300 | H29: 700 | I29: 5'7" | K29: 3952
A30: 124 | B30: 388 | C30: Ajoy sand to Apex Towers | D30: Tanu mondol | E30: 15/5/12 | F30: 3300 | I30: 5'6" | K30: 3893
A31: 151 | B31: 389 | C31: Sand(Damodor) to Sent michal school | D31: Dipak | E31: 16/5/12 | F31: 1500 | I31: 300cft | K31: 2100
B32: 390 | C32: Chips1/2 from store to Sent michal school | E32: 20/5/12 | G32: Tolly paid by chattu | I32: 100cft | K32: 2800
A33: 131 | B33: 391 | C33: Chips5/8 panchami to Apex Towers, vehicle no-WB-37B-9057 | D33: Jafir | E33: 27/5/12 | F33: 6000 | I33: 23.86 | K33: 21236
A34: 137 | B34: 393 &394 | C34: Ajoy sand 2 dumper to Apex towers | D34: Tanu mondol | E34: 41158 | F34: 6600 | I34: 6'4",6'3" | K34: 8022
A35: 140 | B35: 395 | C35: Ajoy sand to Apex Towers | D35: Tanu mondol | E35: 13/6/12 | F35: 3300 | I35: 5'6" | K35: 3893
A36: 142 | B36: 396 | C36: Chips5/8 panchami to Apex Towers, vehicle no-WGD-1527 from Ramjan | D36: Akbar | E36: 15/6/12 | F36: 5520 | I36: 22.88 | K36: 20363 | L36: paid | M36: 117413 | N36: 24108
A37: 147 | B37: 398 | C37: Chips5/8 panchami to Apex Towers, vehicle no-wb53a 1668 | E37: 25/6/12 | F37: 5500 | I37: 23.58 | K37: 20986
A38: 148 | B38: 397 & 399 | C38: 2 truck sand | D38: sudeb | E38: 27/6/12 | F38: 3400 | K38: 4200
A39: 149 | B39: 400 | C39: Ajoy sand from chandi bid to Apex towers | D39: Tanu mondol | E39: 29/6/12 | F39: 4000 | G39: kanchanda | H39: 850 | I39: 5'5" | K39: 4655
A40: 152 | B40: 2 | C40: Ajoy sand from chandi bid to Apex towers | D40: Tanu mondol | E40: 40946 | F40: 4200 | G40: kanchanda | H40: 850 | I40: 5'7" | K40: 4799
A41: 155 | B41: 3 | C41: Ajoy sand from chandi bid to Apex Towers | D41: Tanu Mpndol | E41: 41067 | F41: 4100 | I41: 5'7" | K41: 4802
A42: 157 | B42: 4 | C42: Ajoy sand from chandi bid to Apex towers, vehicle no-WB-6941 | D42: chattu | E42: 41097 | F42: 7000 | I42: 7'9" | K42: 8177
A43: 158 | B43: 5 | C43: Ajoy sand from chandi bid to Apex Towers | D43: chattu | E43: 41097 | F43: 4100 | I43: 5'10" | K43: 5015
A44: 159 | B44: 6 & 7 | C44: Ajoy sand from chandi bid to Apex towers, vehicle no-WB-6941 | D44: Madhob Mondol | E44: 41128 | F44: 14000 | I44: 9'5", 8'5" | K44: 18810
A45: 160 | B45: 8 & 9 & 10 | C45: Ajoy sand 3 dumper to Apex towers, vehicle no-WB-39A/5638 | D45: Tanu mondol | E45: 41189 | F45: 12300 | I45: 5'6",5'9", 5'8" | K45: 14543 | L45: paid | M45: 72568 | N45: -10000
A46: 161 | B46: 11 | C46: Chips5/8 Panchami to Apex towers, vehicle no-WB-53A/1668 | D46: Ashrof Ali | E46: 41189 | F46: 20020 | I46: 23.22 | K46: 20665
A47: 162 | B47: 12 & 13 | C47: Ajoy sand 2 dumper to Apex towers' vehicle no-1) WB-6941 2) WB-39A/5638 | D47: Tanu & Kanchan Das | E47: 41220 | F47: 11100 | I47: 8'7", 5'7" | K47: 13854 | L47: paid | M47: 37391 | N47: -2000
C48: 10 bag 1/2 chips from store | E48: 18/9/12 | F48: 600
C49: Ajoy Sand, vehicle no- WB 39/1548 | E49: 40920 | I49: 450.67 | K49: 3830
C50: Ajoy Sand, vehicle no- WB 39/1548 | E50: 41041 | I50: 441.65 | K50: 3754
C51: Ajoy Sand, vehicle no- WB 39/1548 | E51: 41133 | I51: 459.67 | K51: 3907
C52: Ajoy Sand, vehicle no- WB 39/1548 | E52: 14/12/12 | I52: 441.65 | K52: 3754
C53: Ajoy Sand, vehicle no- WB 39/1548 | E53: 23/12/12 | I53: 450.67 | K53: 3830
F66: =SUM(F3:F65) -> 276382 | K66: =SUM(K3:K65) -> 526335.38 | X66: =SUM(X3:X65) -> 132411
T74: =SUM(T3:T73) -> 59350

Sheet Sheet2
A1: voucher no | B1: A/C of | C1: pay to | D1: Date | E1: Rupees | F1: Remark | G1: Rate | H1: Qt | I1: Size | J1: Credet | K1: Debter name | L1: Ph-no | O1: debt
A2: 2 | B2: One Truck Sand to Bharat Construction | C2: sudeb | D2: 41678 | E2: 2200 | K2: Md Ramjan Ali | L2: 9434949433 (9933570348) | M2: 30734060938 State Bank
A3: 6 | B3: chips5/6 to Bharat construction wb-37B/1948 | C3: Naimuddin | D3: 20/8/14 | E3: 10000 | H3: 3'1" * 14'5" * 7'4"
A4: 7 | B4: chips5/6 to Bharat construction wb -57A/1465 | C4: Naimuddin | D4: 20/8/14 | E4: 10000
A5: 9 | B5: Two truck Sand to Bharat Construction | C5: Biseshor | D5: 23/8/14 | E5: 4200 | K5: Zero Brisk | L5: Joydeb | M5: old due
A6: 10 | B6: One Truck Sand to Bharat Construction | C6: sudeb | D6: 24/8/14 | E6: 2200 | L6: Joydeb
A7: 15 | B7: Naiumuddin paid | C7: Naimuddin | D7: 13/9/14 | E7: 16900 | K7: Ramjan | L7: Joydeb | M7: 41158 | P7: 2600
A8: 16 | B8: chips3/4 to Bharat construction wb-37B/1948 & 1/2chips wb57a/1465 | C8: Naimuddin | D8: 14/9/14 | E8: 12000 | F8: kanchanda | H8: 7'9" | K8: Ramjan
A9: 17 | B9: chips3/4 to Bharat construction wb-37B/1948 & chips3/4 wb37a/1259 | C9: Naimuddin | D9: 15/9/14 | E9: 9000 | F9: kanchanda | H9: 5'10"
A10: 18 | B10: chips3/4 to Bharat construction wb -57A/1465 | C10: Naimuddin | D10: 15/9/14 | E10: 9000 | F10: kanchanda,sumanta,sujan | H10: 9'5", 8'5" | K10: Sova Enterprise | L10: 22/5/12
A11: 19 | B11: Two tollt chips5/8 to Bharat construction, wb39a/4003 | C11: Goutam | D11: 16/9/14 | E11: 8000 | H11: 5'6",5'9", 5'8" | K11: Sova Enterprise | L11: 41096
A12: 20 | B12: Two tollt chips5/8 to Bharat construction, wb39a/4003 | C12: Goutam | D12: 16/9/14 | E12: 8000 | F12: labour=20 | H12: 23.22 | K12: Sova Enterprise | L12: 41006 | M12: Bhai(dhana)
A13: 21 | B13: Two dumper chips3/4 to Bharat construction, wb 57A/1465 & wb37A/1259 | C13: Naimuddin | D13: 20/9/14 | E13: 9000 | H13: 8'7", 5'7"
A14: 22 | B14: chips1/2 to Bharat construction wb-53B/1167 | C14: Naimuddin | D14: 20/9/14 | E14: 9000 | H14: 19.9
A15: 23 | B15: Two dumper Ajoy Sand to Bharat Construction | C15: Tarunda | D15: 20/9/14 | E15: 13000
A16: 24 | B16: Chips due | C16: Naimuddin | D16: 20/9/14 | E16: 20000 | L16: Ramjan Ali
A17: 25 | B17: chips3/4 to Bharat construction wb -37A/1259 | C17: Naimuddin | D17: 21/9/14 | E17: 5000 | H17: 31.44 | L17: Ramjan Ali | M17: 41158
A18: 26 | B18: 150 cft sand to Jinta Enclave | C18: Mona | D18: 24/9/14 | E18: 900 | H18: 15'10",7'9",7'1" | L18: Ramjan Ali | M18: 16/1/2013
A19: 30 | B19: Ajoy Sand Two Dumper, Wb-39A/6941 | C19: chandi bid | D19: 28/9/14 | E19: 13600 | L19: Ramjan Ali | M19: 28/7/12
A20: 31 | B20: Four truck sand to Gurunath Site, Wb-39/1679 | C20: Biseshor | D20: 28/9/14 | E20: 8400
A21: 32 | B21: Nimuddin paid | C21: Naimuddin | D21: 26/9/14 | E21: 19999
A22: 33 | B22: Nimuddin paid | C22: Naimuddin | D22: 27/9/14 | E22: 19999 | L22: Haruda(sand &tolly) | M22: 22/12/12
A23: 34 | B23: Nimuddin paid | C23: Naimuddin | D23: 28/9/14 | E23: 19999 | H23: 1500 | L23: Kartik pal | M23: 28/8/12 | N23: Jinta Enclave
A24: 36 | B24: Nimuddin paid | C24: Naimuddin | D24: 29/9/14 | E24: 19999 | H24: 21.98
A25: 37 | B25: Ajoy Sand to Bharat Construction | C25: Tarunda | D25: 29/9/14 | E25: 6500 | L25: kanchanda Ajoy Sand | M25: 15/6/12 & 17/6/12 | N25: Bhai(dhana) & Bhaskar
A26: 38 | B26: Nimuddin paid | C26: Naimuddin | D26: 29/9/14 | E26: 1000 | K26: 600 to store
A27: 39 | B27: chips3/4 to Bharat construction wb-53B/1167 | C27: Naimuddin | D27: 30/9/14 | E27: 6000 | H27: 1500
A28: 40 | B28: Damodor Sand Bharast Construction(Naresh da) | C28: Rashu da | D28: 30/9/14 | E28: 2400
A29: 42 | B29: Two Dumper Ass & Two tolly chips1/2 to Bharat construction | C29: Goutam | D29: 13/10/14 | E29: 2100 | H29: 6000 | L29: Best Brick(Shibpur) | M29: 13/9/2012
A30: 43 | B30: Naimuddin paid | C30: Naimuddin | D30: 41927 | E30: 13500 | H30: 14'5",7'4",3'11"
A31: 44 | B31: Ten Dumper Ass to Bharat construction | C31: Goutam | D31: 18/10/14 | E31: 7500 | H31: 1500 | L31: Chandi Bid | M31: 41404 | N31: 700/100cft
A32: 45 | B32: Four Dumper Ass to Bharat Construction | C32: Goutam | D32: 22/10/14 | E32: 3000 | H32: 16', 7'9", 7'10"
A33: 47 | B33: Six Dumper Ass to Bharat Construction | C33: Goutam | D33: 31/10/14 | E33: 4500 | H33: 1500 | L33: Hira Brick(Shibpur) | M33: 41099
A34: 48 | B34: Ajoy Sand to Bharat Construction | C34: Tarunda | D34: 41801 | E34: 6500 | H34: 1500
A35: 49 | B35: Ajoy Sand to Bharat Construction | C35: Tarunda | D35: 18/11/14 | E35: 6700 | H35: 3000 | L35: Mondal Enterprise(Chips) | M35: 41994
A36: 50 | B36: Ajoy Sand to Bharat Construction | C36: Tarunda | D36: 19/11/14 | E36: 13100 | H36: 1500 | L36: Mondal Enterprise(Chips) | M36: 41272 | N36: Full Paid
A37: 51 | B37: chips5/8 to Bharat construction wb-53B/2686 | C37: Mona | D37: 20/11/14 | E37: 6000 | L37: Buroda | M37: 41267 | N37: Full Paid
A38: 52 | B38: chips5/8 to Bharat construction wb-53B/1981 | C38: Mona | D38: 21/11/14 | E38: 6000 | F38: due
A39: 53 | B39: chips5/8 to Bharat construction wb-53B/1160 | C39: M.R.Das | D39: 21/11/14 | E39: 6000 | L39: Bishesor Sing | M39: 41275 | N39: paid
A40: 54 | B40: chips5/8 to Bharat construction wb-53B/1160 | C40: nirenda | D40: 22/11/14 | E40: 10000 | L40: Goutam(Tolly) | M40: 41899
A41: 55 | B41: Sand to Jahorda | C41: Haruda | D41: 22/11/14 | E41: 700
A42: 56 | B42: Mona paid | C42: Mona | D42: 25/11/14 | E42: 10000 | L42: Naresh(Flat) | M42: 25/8/14
A43: 57 | B43: Sand to Jahorda | C43: Haruda | D43: 41802 | E43: 700 | L43: Mona | M43: Jahorda(sand)
A44: 58 | B44: chips5/8 to Bharat construction wb -37A/1259 | C44: Naimuddin | D44: 41863 | E44: 6000
A45: 60 | B45: Nirenda paid for 10 wheeler chips5/8 | C45: nirenda | D45: 41985 | E45: 15000
A46: 61 | B46: Mona paid for two dumper chips5/8 | C46: Mona | D46: 41985 | E46: 26000
A47: 62 | B47: Paid to Naimuddin Mondol | C47: Naimuddin | D47: 13/12/14 | E47: 13000
A48: 63 | B48: chips5/8 to Bharat construction, wb 57A/1465 | C48: Naimuddin | D48: 41993 | E48: 6000
A49: 64 | B49: Two dumper Ajoy Sand to Bharat Construction | C49: Tarunda | D49: 41993 | E49: 12500 | H49: 20.6, 20.1
A50: 65 | B50: chips5/8 to Bharat construction wb-37B/1948 | C50: Naimuddin | D50: 41994 | E50: 6000
A51: 66 | B51: chips5/8 to Bharat construction, wb 57A/1465 | C51: Naimuddin | D51: 41994 | E51: 6000
A52: 67 | B52: Naimuddin paid | C52: Naimuddin | D52: 41996 | E52: 18000
A53: 68 | B53: Naimuddin paid | C53: Naimuddin | D53: 41998 | E53: 18000
A54: 69 | B54: Naimuddin paid | C54: Naimuddin | D54: 42000 | E54: 4800
A55: 70 | B55: chips5/8 to Bharat construction, wb 53b/1167 | C55: Naimuddin | D55: 42030 | E55: 6000
A56: 71 | B56: Naimuddin paid | C56: Naimuddin | D56: 42036 | E56: 15000
A57: 72 | B57: Two dumper Ajoy Sand to Bharat Construction | C57: Tarunda | D57: 42041 | E57: 12000
A58: 73 | B58: chips5/8 to Bharat construction wb-37B/1948 | C58: Naimuddin | D58: 42042 | E58: 6000
A59: 74 | B59: chips5/8 to Bharat construction, wb 53b/1167 | C59: Naimuddin | D59: 42043 | E59: 6000
A60: 75 | B60: Ajoy Sand to Bharat Construction | C60: Tarunda | D60: 42044 | E60: 6000 | H60: 19.42
A61: 77 | B61: Naiumuddin paid | C61: Naimuddin | D61: 42049 | E61: 15000 | H61: 20.38
A62: 78 | B62: Naiumuddin paid | C62: Naimuddin | D62: 42049 | E62: 14600 | H62: 19.98, 20.48
A63: 79 | B63: chips5/8 to Bharat construction wb -37A/1259 | C63: Naimuddin | D63: 42058 | E63: 6000 | H63: 19.34
A64: 80 | B64: Naiumuddin paid | C64: Naimuddin | D64: 42063 | E64: 14400
A65: 81 | B65: Sonn bricks to Johorda | C65: Somnath | D65: 42072 | E65: 9000
A66: 82 | B66: chips5/8 to Bharat construction, wb 57A/1465 (Naimuddin) | C66: Najrul | D66: 42083 | E66: 20150
A67: 83 | B67: chips5/8 to Bharat construction wb -37A/1259 | C67: Seikh Dulal | D67: 42102 | E67: 6000
A68: 84 | B68: Two dumper Ajoy Sand to Bharat Construction | C68: Tarunda | D68: 42103 | E68: 12000
A69: 85 | B69: Two dimper chips5/8 wb-37a/1259, wb37b/1948 (Naimuddin) | C69: Seikh Alam | D69: 42103 | E69: 12000
A70: 86 | B70: 200 cft Sand, two trip chips1/2 from store & bricks 900 tolly fare | C70: Mona | D70: 42103 | E70: 2650 | H70: 19.34, 20.64
A71: 87 | B71: Paid to Naimuddin Mondol | C71: Naimuddin | D71: 42102 | E71: 15000
A72: 88 | B72: Paid to Naimuddin Mondol | C72: Naimuddin | D72: 42103 | E72: 15000
A73: 89 | B73: Paid to Naimuddin Mondol | C73: Naimuddin | D73: 42104 | E73: 11100
A74: 90 | B74: Bricks 2ed Ranigang to new flat | C74: chattu | D74: 42116 | E74: 12600
A75: 91 | B75: chips5/8 to Bharat construction, wb 53b/1167 | C75: Naimuddin | D75: 42118 | E75: 6000
A76: 92 | B76: Paid to Naimuddin Mondol | C76: Naimuddin | D76: 42119 | E76: 14930
A77: 93 | B77: Chips5/8 to new flat(Chattu), wb-53a/9035 | C77: Ramjan Ali | D77: 42119 | E77: 20000
A78: 94 | B78: Ajoy Sand to Ambagan, wb-39a/9326 | C78: Tarunda | D78: 42125 | E78: 5200
A79: 95 | B79: Ajoy Sand to Ambagan, wb-39a/9326 | C79: Tarunda | D79: 42126 | E79: 5500
A80: 96 | B80: Two tolly chips5/8 to new flat(chattu) | C80: Mona | D80: 42126 | E80: 7800 | H80: 1350 cft
A81: 97 | B81: 300 cft damodor sand to new flat(chattu), vehicle no- WGA-4776 | C81: Biseshor | D81: 42126 | E81: 1700
A82: 98 | B82: chips3/4 to Ambagan | C82: Naimuddin | D82: 42126 | E82: 6000 | H82: 20.5, 19.74
A83: 99 | B83: Ajoy Sand to Bharat Construction, wb-39a/7876 | C83: Tarunda | D83: 42128 | E83: 5500
A84: 100 | B84: Chips5/8 Ambaban, wb-53b/1167 | C84: Najrul | D84: 42131 | E84: 6000 | H84: 5 trucks
A85: 102 | B85: Naimuddin paid | C85: Naimuddin | D85: 42132 | E85: 10000
A86: 103 | B86: Naimuddin full paid | C86: Naimuddin | D86: 42133 | E86: 16290 | H86: 20.29
A87: 107 | B87: 300 cft Sand to new flat | C87: chattu | D87: 42140 | E87: 1800
A88: 108 | B88: Bricks 2ed Ranigang to new flat | C88: chattu | D88: 42140 | E88: 12600
A89: 109 | B89: Chips5/8 to Bharat construction, wb 37 b/1948 | C89: Naimuddin | D89: 42141 | E89: 6000
A90: 111 | B90: Two dumper Ajoy Sand to Bharat Construction | C90: Tarunda | D90: 42142 | E90: 11000
A91: 111(B) | B91: Two dumper & one tolly ass to new flat | C91: Goutam | D91: 42142 | E91: 1800
A92: 112 | B92: Chips5/8 to Bharat construction, wb 37 b/1948 | C92: Naimuddin | D92: 42143 | E92: 6000
A93: 113 | B93: Chips5/8 to Bharat construction, wb 37 b/1948 | C93: Naimuddin | D93: 42143 | E93: 6000 | H93: 20.92
A94: 114 | B94: Naimuddin paid | C94: Naimuddin | D94: 42143 | E94: 10500 | H94: 19.42 &19.28
A95: 115 | B95: Bricks(ranigang 2ed) to Taru Chatterjee) | C95: Batulda | D95: 42144 | E95: 25200 | H95: 19.66
A96: 116 | B96: Naiumuddin paid | C96: Naimuddin | D96: 42144 | E96: 15000 | H96: 5 truck
A97: 117 | B97: One Truck Ajoy Sand to Raja chatterjee | C97: Tarunda | D97: 42144 | E97: 3500
A98: 118 | B98: Naiumuddin paid | C98: Naimuddin | D98: 42144 | E98: 15000 | H98: 5 times
A99: 119 | B99: Bricks 2ed Ranigang to new flat | C99: Batulda | D99: 42145 | E99: 12000
A100: 120 | B100: Bricks(ranigang 2ed) to Taru Chatterjee) | C100: Batulda | D100: 42151 | E100: 12000
...

Sheet Sheet3
A1: voucher no | B1: A/C of | C1: pay to | D1: Date | E1: Rupees | K1: Balance | L1: Bank | M1: Bank | N1: Stock payment | P1: Due | Q1: Credit
B2: jhata & tiffin | D2: 31/7/14 | E2: 40 | H2: Chattu | I2: 21000 | J2: =SUM(I2*Sheet2!N230) -> 56099.729 | L2: withdraw
A3: 1 | B3: Office build | C3: Mistri | D3: 31/7/14 | E3: 3000 | H3: Dipak | I3: 21000 | J3: =SUM(I3*Sheet2!N230) -> 56099.729
B4: dumper driver of ass to office | C4: driver | D4: 41678 | E4: 50 | H4: Habal | I4: 21000 | J4: =SUM(I4*Sheet2!N230) -> 56099.729 | N4: Bharat construction | O4: 17/9/14 | Q4: 50000
A5: 3 | B5: office build | C5: Hable | D5: 41828 | E5: 3000 | H5: Bhai | I5: 21000 | J5: =SUM(I5*Sheet2!N230) -> 56099.729 | N5: Bharat construction | O5: 27/9/14 | Q5: 40000
B6: tiffin & oil for quarrel to police & boro office | C6: Hable | D6: 41828 | E6: 200 | H6: Nirenda | I6: 21000 | J6: =SUM(I6*Sheet2!N230) -> 56099.729 | N6: Bharat construction | O6: 29/9/14
B7: Donation to tmc party(Sunil Chatterjee) | C7: Nirenda | D7: 13/8/14 | E7: 500 | H7: Kanchanda | I7: 21000 | J7: =SUM(I7*Sheet2!N230) -> 56099.729 | N7: Madhu mamata housing | O7: 26/9/14
A8: 4 | B8: Two tolly sand to office(Mona) | C8: mona | D8: 41859 | E8: 1720 | H8: Dhana | I8: 21000 | J8: =SUM(I8*Sheet2!N230) -> 56099.729 | N8: Bharat construction | O8: 30/9/14
A9: 5 | B9: soil cutting for office | C9: Bappa | D9: 16/8/14 | E9: 1200 | H9: Bappa | I9: 21000 | J9: =SUM(I9*Sheet2!N230) -> 56099.729 | N9: Bharat construction | O9: 30/9/14 | Q9: 60000
B10: Pipe & asbester | D10: 22/8/14 | E10: 4930 | H10: Sumanta | I10: 21000 | J10: =SUM(I10*Sheet2!N230) -> 56099.729 | N10: Bharat construction | O10: 41893 | Q10: 55430
B11: Van fare for pipe &Asbester | D11: 22/8/14 | E11: 150 | N11: Madhu Mamata | O11: 29/11/14 | Q11: 10000
A12: 8 | B12: Phone bill to Bhai & Sumanta | C12: Bhai | D12: 18/8/14 | E12: 200 | N12: Bharat construction | O12: 41682 | Q12: 150620
B13: Door & Window | D13: 24/8/14 | E13: 5700 | N13: Bharat construction | Q13: 121700
B14: Van fare for Door & Window | D14: 24/8/14 | E14: 20 | N14: Bharat construction | O14: 42087 | Q14: 107484
B15: Jhata(45) & tea | D15: 24/8/14 | E15: 75 | L15: 42499 | M15: 60000 | N15: Bharat construction | O15: 42131 | Q15: 142424
A16: 11 | B16: Office build | C16: Hable | D16: 27/8/14 | E16: 5100 | L16: 42549 | M16: 70000 | N16: Bharat construction | O16: 42149 | Q16: 118249
A17: 12 | B17: Office build(others) | C17: Hable | D17: 28/8/14 | E17: 2100 | I17: =SUM(I2:I16) -> 189000 | J17: =SUM(J2:J16) -> 504897.56 | K17: =SUM(J17+I17) -> 693897.56 | L17: 42563 | M17: 100000 | N17: sapnil Developers | O17: 42151 | Q17: 50000
A18: 13 | B18: Ass labelling for office | C18: Hable | D18: 41679 | E18: 1200 | L18: 42602 | M18: 50000 | N18: Pansas developers | O18: 42154
B19: Cement for office(15 bag durgapur &6 bag Konarak)=6060 | C19: Sumanta | D19: 41768 | L19: 42370 | M19: 100000 | N19: Bharat construction | O19: 42196
B20: meeting tea | C20: Kanchanda | D20: 13/9/14 | E20: 20 | J20: paid | K20: 40944 | L20: 42719 | M20: 50000 | N20: sapnil Developers | O20: bricks
B21: 1/2 chips two tolly to Bharat construction | C21: driver | D21: 15/9/14 | E21: 30 | L21: 42780 | M21: 30000 | N21: sapnil Developers | O21: 42215 | Q21: 50000
B22: chips driver & tea | D22: 20/9/14 | E22: 20 | N22: Pansas Developers | O22: 42177 | Q22: 78238
B23: Sand Driver | D23: 20/9/14 | E23: 20 | N23: Bharat construction | O23: 42177 | Q23: 105600
B24: oil for Bank(two times) | C24: Sumanta | D24: 20/9/14 | E24: 60 | N24: Pansas developers | O24: 42243 | Q24: 100000
A25: 27 | B25: For paint & labour Charge | C25: Hable | D25: 25/9/14 | E25: 580 | J25: paid | N25: Bharat construction | Q25: 101429
A26: 28 | B26: For partnership deed | C26: Joydeb da | D26: 25/9/14 | E26: 2250 | J26: paid | K26: to chattu & Bhai | N26: Bharat construction | O26: 42276
A27: 35 | B27: Puja of Office & Two packet & medicine of Mistry | C27: Hable | D27: 29/9/14 | E27: 457 | N27: Pansas developers | O27: 42324 | Q27: 66000
A28: 41 | B28: Cement for office(15 bag durgapur &6 bag Konarak)=6060 | C28: Sova | D28: 41892 | E28: 6060 | N28: Pansas developers | O28: 42345 | Q28: 194840
B29: Two Dumper Ass(Bocsis) | C29: driver | D29: 41983 | E29: 50 | G29: Dipak Paul | J29: Total | K29: =SUM(Q200+I17-(E200+Sheet2!E230)) -> 328442 | N29: Bharat construction | O29: 42351 | Q29: 54000
A30: 46 | B30: Phone bill to Bhai & Sumanta | C30: Bhai | D30: 31/10/14 | E30: 200 | G30: Bhai | H30: 41829 | N30: Pansas developers | O30: 42397 | Q30: 98187
B31: Bharat Construction | C31: Khairul | D31: 15/11/14 | E31: 1000 | G31: Sumanta | H31: 41829 | J31: Bank | K31: 12014 | N31: Bharat construction | O31: 42434 | Q31: 39000
B32: van fare Bricks 100 to Jahorda | C32: Sumanta | D32: 22/11/14 | E32: 70 | G32: Dhananjoy Roy | H32: 41952 | N32: Bharat construction | O32: 42444
A33: 59 | B33: three times united bank(oil) & Phone | C33: Sumanta | D33: 41985 | E33: 200 | G33: Kanchanda | H33: 41829 | J33: Hand | K33: =SUM(K29-K31+I200) -> 85178 | N33: Pansas developers | O33: 42444 | Q33: 104391
B34: Chips5/8(Morning) | C34: Kanchanda | D34: 42042 | E34: 10 | G34: Bappaditya Roy | H34: 31/7/14 | N34: Firoj(Aprox) | O34: 42444 | P34: 200000
B35: Naimuddin | C35: Kanchanda | D35: 42049 | E35: 10 | G35: Kanchanda | H35: 31/7/14 | N35: Jahorda
A36: 76 | B36: Phon bill + Oil, two times to united bank | C36: Sumanta | D36: 42049 | E36: 160 | G36: Bappaditya Roy | H36: 41829 | N36: Habal | P36: 10000
B37: Two times united bank(oil) | C37: Sumanta | D37: 42091 | E37: 60 | G37: Swapan(Habal) | H37: 41829 | J37: 0.06 | N37: Bhai | P37: 20000
B38: Licence | C38: Joydeb | D38: 42129 | E38: 3500 | G38: Dipak Paul | N38: pramit
A39: 104 | B39: Per Veicle commision | C39: Ranjan | D39: 42135 | E39: 2560 | G39: Habal | H39: 41678 | N39: Cement(Joy) | O39: due
A40: 105 | B40: Cashier monthly upto 6/5/15 + oil(Two times UBI Bank & Two times city center | C40: Sumanta | D40: 42135 | E40: 1100 | G40: Bhai | H40: 31/7/14 | N40: sapnil Developers | O40: 42447 | P40: 18200 | Q40: 20000
A41: 106 | B41: For Pan card(Joydeb) | C41: Habal | D41: 42137 | E41: 500 | G41: Chattu | H41: 31/7/14 | J41: for chips5/8 | N41: Pansas developers | O41: 42492 | Q41: 107609
B42: kata slip to New flat(chips5/8 Ramjan ali) | C42: chattu | D42: 42137 | E42: 30 | G42: Chattu | H42: 41829 | J42: for deu | N42: Bharat construction(Habal) | O42: 42527 | Q42: 27000
A43: 110 | B43: phone bill to chattu & sumanta | C43: Sumanta | D43: 42141 | E43: 200 | G43: Sumanta | H43: 31/7/14 | N43: Bharat construction | O43: 42549 | Q43: 95400
B44: Two dumper chips (tea) | C44: Kanchanda | D44: 42143 | E44: 10 | N44: Pansas developers | O44: 42574 | Q44: 77928
B45: Naimuddin & Tarunda paid(Tea) | C45: Kanchanda | D45: 42144 | E45: 20 | N45: Pansas developers | O45: 42608 | Q45: 98301 | R45: upto 5/8stone 1 tolly from mona
B46: Two times united bank(oil) | C46: Sumanta | D46: 42153 | E46: 60 | N46: Bharat const | O46: 42670 | Q46: 29000 | R46: upto 21/9/16
A47: 1 | B47: Chalan, Bill, Voucher & Pad | C47: Habal | D47: 42169 | E47: 750 | G47: Bhaskar Chatterjee | N47: Pansas developers | Q47: 31600
B48: Meeting(Tiffn) | C48: Bhai | D48: 42173 | E48: 40
B49: Stamp paper(50 Rs)& oil (for bring chque from city center) | C49: Sumanta | D49: 42175 | E49: 80 | G49: Bank Defisit | H49: 14/9/14
B50: Two times united bank(oil) | C50: Sumanta | D50: 42185 | E50: 60
A51: 9 | B51: To Ranigang Vata | C51: Swapan | D51: 42187 | E51: 300 | G51: Dhananjoy Roy | H51: 41829 | J51: 0.02
A52: 9(b) | B52: BOCSIS | C52: Munna | D52: 42222 | G52: Nirenda | H52: 41829
A53: 17 | B53: ph_bill to sumanta & chattu | C53: chattu | D53: 42222 | E53: 200
B54: Fetch cheque from city center | C54: Sumanta | D54: 42258 | E54: 30 | G54: Dipak Paul | H54: 13/9/14
A55: 39 | B55: one year salary to Mousumi pal | C55: mousumi paul | D55: 42278 | E55: 5000 | G55: Habal | H55: 13/9/14
A56: 40 | B56: one year salary to Kanchan Nayek | C56: Kanchanda | D56: 42278 | E56: 5000 | G56: Dhananjoy Roy | H56: 13/9/14
A57: 41 | B57: one year salary to Satyam sarkar | C57: chattu | D57: 42278 | E57: 5000 | G57: Kanchanda | H57: 28/9/14
A58: 42 | B58: one year salary to Dhananjoy Roy | C58: dhana | D58: 42278 | E58: 5000 | G58: Chattu | H58: 15/9/14
A59: 43 | B59: one year salary to Swapan Gorai | C59: Hable | D59: 42278 | E59: 5000 | G59: Nirenda | H59: 15/9/14
A60: 44 | B60: one year salary to ranjan Chatterjee | C60: Bhai | D60: 42278 | E60: 5000 | G60: sumanta
A61: 45 | B61: one year salary to Biswajit Chatterjee | C61: Sumanta | D61: 42278 | E61: 5000
A62: 47 | B62: one year salary to Bappaditya roy | C62: Bappa | D62: 42285 | E62: 5000 | G62: tiffin chattu | H62: UBI Bank | I62: -180
A63: 53 | B63: one year salary to Dipak Paul | C63: Dipak | D63: 42290 | E63: 5000 | H63: UBI Bank | I63: 3000
A64: 55 | B64: Phone bill | C64: Sumanta | D64: 42294 | E64: 200
A65: 56 | B65: Per vercle charge | C65: Kanchanda | D65: 42294 | E65: 1800 | G65: Bhai(Hospital) | H65: 23/11/14
A66: 58 | B66: Donation for Durgapuja purpose(Bharat const, Dhana) | C66: Munna | D66: 42296 | E66: 400 | G66: Bhai(Hospital) | H66: 25/11/14
B67: Oil for (Fetch the chque from city center) | C67: Sumanta | D67: 42324 | E67: 30 | G67: Bhai
B68: united bank & city center(oil) | C68: Sumanta | D68: 42346 | E68: 60 | G68: Bhai(Hospital) | H68: 41994
A69: 69 | B69: tiffin (chattu) | C69: chattu | D69: 42369 | E69: 100 | G69: Bhai(patanjali) | H69: 42682 | I69: -20000
B70: United Bank(oil) | C70: Sumanta | D70: 42373 | E70: 30 | G70: Dipak Paul | H70: 14/10/14
A71: 70 | B71: Phone bill | C71: Sumanta | D71: 42378 | E71: 200 | G71: Dhananjoy Roy | H71: 16/10/14
B72: Oil (City center) | C72: sumanta | D72: 42395 | E72: 30 | G72: Dhananjoy Roy | H72: 14/11/14
B73: Fetch cheque from city center | C73: Sumanta | D73: 42431 | E73: 50 | G73: Kanara Bank | H73: 42200
B74: Phone bill | C74: Sumanta | D74: 42438 | E74: 200 | G74: habal | H74: 42527 | I74: -10000
B75: Driver & kata slip | C75: dhana | D75: 42468 | E75: 130 | G75: habal | H75: 42379
B76: cheque fetch from city center & tifin(Bhai) | C76: Sumanta | D76: 42492 | E76: 100 | G76: Firoj
B77: New voucher | C77: Habal | D77: 42492 | E77: 150 | G77: Taru (Road) | H77: 42370 | I77: -10000
B78: Phone bill | C78: Sumanta | D78: 42492 | E78: 300 | G78: Tarunda (Sand) | H78: 42371 | I78: -5200
B79: Jajorda Sand 5+5 bag Van fare | D79: 42534 | E79: 60 | G79: Joydeb(cement) | H79: 42371 | I79: -10000
B80: Sand & Stone cleaning at Bhairabtala(Mona's driver) | D80: 42541 | E80: 100 | G80: Naimuddin(chips) | H80: 42373 | I80: -19500
B81: Phone bill & Oil for (Fetch the chque from city center) | C81: Sumanta | D81: 42576 | E81: 230 | G81: Taru(Road) | H81: 42375 | J81: paid
B82: kata slip for 1/2 &5/8 Bharat construction &tea | C82: Kanchanda | D82: 42580 | E82: 80 | G82: Mona(Hira) | H82: 42375
B83: bricks 200 from sumanta to Jahorda | C83: driver | D83: 42597 | E83: 100 | G83: somnath(Sona) | H83: 42376 | I83: -18000 | J83: & 11/1/16
B84: bricks 200 from Mona to Jahorda(van fare 12/8/16) | D84: 42598 | E84: 150 | G84: Mona(Hira) | H84: 42377 | I84: -11200
F85: count | G85: Joydeb(cement) | H85: 42387 | I85: -22500
G86: Firoj (paid) | H86: 42390 | I86: 20000
B87: one year salary to Mousumi pal | C87: mousumi paul | E87: 10000 | G87: somnath(Sona) | H87: 42394 | I87: -17500
B88: one year salary to Kanchan Nayek | C88: Kanchanda | E88: 10000 | G88: Hira(Mona) | H88: 42394 | I88: -9300 | J88: due 150
B89: one year salary to Satyam sarkar | C89: chattu | E89: 10000 | G89: Tarunda (Sand) | H89: 42400 | I89: -5200
B90: one year salary to Dhananjoy Roy | C90: dhana | E90: 10000 | G90: Taru(Road) | H90: 42402 | I90: -11000
B91: one year salary to Swapan Gorai | C91: Hable | E91: 10000 | G91: sand(Mona | H91: 42408 | I91: -1600 | J91: +300 Gupinda
B92: one year salary to ranjan Chatterjee | C92: Bhai | E92: 10000 | G92: Joydeb(cement) | H92: 42409 | I92: -14600
B93: one year salary to Biswajit Chatterjee | C93: Sumanta | E93: 10000 | G93: Mona(Hira) | H93: 42420 | I93: -9450
B94: one year salary to Bappaditya roy | C94: Bappa | E94: 10000 | G94: Firaj(paid) | H94: 42422 | I94: 50000 | N94: Tarak Majhi | O94: 41829 | Q94: 3000
B95: one year salary to Bappaditya roy | C95: Dipak | E95: 10000 | G95: Taru(Rod) | H95: 42422 | I95: -27000 | N95: Bansi Majhi | O95: 41829 | Q95: 2450
G96: Mona(Hira) | H96: 42423 | I96: -9450 | N96: Sanjoy Majhi | O96: 21/9/14 | Q96: 700
B97: Bonus | C97: kanckan | D97: 42720 | E97: 5700 | G97: Firaj(paid) | H97: 42424 | I97: 30000 | N97: Bhai(Baganpara) | O97: 22/9/14 | Q97: 4000
B98: Bonus | C98: Ranjan | D98: 42721 | E98: 5200 | G98: haruda(sand) | H98: 42427 | I98: -750 | N98: Ajoy Das | O98: 25/9/14 | Q98: 500
B99: Bonus | C99: sumanta | D99: 42721 | E99: 5800 | G99: firaj Take | H99: 42434 | N99: Jamai Majhi | O99: 41649 | Q99: 1000
B100: Bonus | C100: satyam | D100: 42721 | E100: 5100 | G100: Firaj(paid) | H100: 42436 | I100: 50000 | N100: Tarak Majhi | O100: 14/10/14 | Q100: 500
...

Sheet Sheet4
A1: voucher no | B1: A/C of | C1: pay to | D1: Date | E1: Rupees | N1: Date | O1: Stock Delevary | P1: Rate | Q1: Qt | R1: Credet
A2: chips5/8 | B2: Babuda (tantipara) | C2: 120cft | D2: 41031 | E2: 5000 | N2: 20/2/12 | O2: Arup Mete, kpf 2300 | P2: 5.4 | Q2: 2300 | R2: 12420 | S2: 1
A3: chips5/8 | B3: Gopal (Near somenath) | C3: 100cft | D3: 40942 | E3: 4000 | N3: 21/2/12 | O3: Arup Mete, kpf | P3: 5.4 | Q3: 4000 | R3: 21600 | S3: 2
A4: chips5/8 | B4: Bhai (Dhana) | C4: 100cft | D4: 41063 | E4: 5000 | N4: 23/2/12 | O4: Somnath (gold), sunny | P4: 5.2 | Q4: 1000 | R4: 5200 | S4: 5
A5: chips5/8 | B5: Milon | C5: 100cft | D5: 41155 | E5: 5000 | N5: 24/2/12 | O5: Somnath (gold), sunny | P5: 5.2 | Q5: 2000 | R5: 10400 | S5: 6
A6: chips5/8 | B6: Bhai (Dhana) | C6: 100cft | D6: 14/3/12 | E6: 5000 | N6: 25/2/12 | O6: Somnath (gold), sunny+kpf | P6: 5.2 | Q6: 2000 | R6: 10400 | S6: 7
B7: Sristihor, 12 bag 1/2 & 8 bag 5/8 chips | D7: 14/3/12 | E7: 1440 | N7: 29/2/12 | O7: Somnath (gold), sunny | P7: 5.2 | Q7: 1000 | R7: 5200 | S7: 8
A8: chips5/8 | B8: Milon | C8: 100cft | D8: 16/3/12 | E8: 5000 | N8: 40971 | O8: Arup Mete, sunny | P8: 5.4 | Q8: 1000 | R8: 5400 | S8: 3
B9: Tarak (jahorda) 12 bag 5/8 chips | D9: 18/3/12 | E9: 1080 | N9: 41093 | O9: Bhai (dhana), Zero 2ed | P9: 5.4 | Q9: 3000 | R9: 16200 | S9: 9
B10: Milon, 4 bag 1/2 chips | D10: 25/3/12 | E10: 280 | N10: 16/3/12 | O10: Bikasda, Zero 2ed | P10: 5.5 | Q10: 750 | R10: 4100 | S10: 12
A11: chips5/8 | B11: Hidul+Bappa | C11: 200cft | D11: 29/3/12 | E11: 10000 | N11: 23/3/12 | O11: Arup Mete (somnath chattrjee) Zero + Sunny | P11: 5.4 | Q11: 2000 | R11: 10800 | S11: 4
B12: Khoha, 6 bag 1/2 & 6 bag 5/8chips | D12: 30,31/3/12 | E12: 960
A13: chips5/8 | B13: Hidul+Bappa | C13: 100cft | D13: 40943 | E13: 5000 | N13: 27/3/12 | O13: Khoka, zero 2ed | P13: 5.4 | Q13: 1000 | R13: 5400 | S13: 13
A14: chips1/2 | B14: Raju Jha | C14: 100cft | D14: 41064 | E14: 2800 | N14: 31/3/12 | O14: Uddoyda (Bhaskar), zero 2ed | P14: 5.8 | Q14: 200 | R14: 1160 | S14: 16
A15: chips5/8 | B15: Bhaskar | C15: 100cft | D15: 25/4/12 | E15: 4000 | N15: 41033 | O15: Arup Mete, Zero 2ed | P15: 5.4 | Q15: 1000 | R15: 5400 | S15: 14
B16: 10 bag chips5/8 +2 bag chips1/2 to sidhai | D16: 41065 | E16: 820 | N16: 41033 | O16: Ajoy Das, Zero 2ed | P16: 5.4 | Q16: 2000 | R16: 10800 | S16: 17
B17: Bhai(dhana) | C17: 4 bag | D17: 41187 | E17: 240 | N17: 41125 | O17: Arup Mete, Zero 2ed | P17: 5.4 | Q17: 1000 | R17: 5400 | S17: 15
A18: chips5/8 | B18: Babu Roy | C18: 100cft | D18: 15/5/12 | E18: 4000
A19: chips5/8 | B19: sumanta | C19: 100cft | D19: 18/5/12 | E19: 4000 | N19: 41217 | O19: Siraj (tantipara), Zero 2ed | P19: 5.4 | Q19: 1000 | R19: 5400 | S19: 18
N20: 41065 | O20: Sidhai(Rakhahari Mukherjee | Q20: 400 | R20: 2200 | S20: 19
A21: chips1/2 | B21: Babu Roy | C21: 12 bag | D21: 17/6/12 | E21: 720 | N21: 41126 | O21: Bhai(dhana) | Q21: 2000 | R21: 10800 | S21: 10
A22: chips1/2 | B22: Apex Tower | C22: 100cft | D22: 20/5/12 | E22: 2800 | N22: 41187 | O22: Bhai(dhana) | Q22: 2000 | R22: 10800 | S22: 11
A23: chips5/8 | B23: Tarak Pal | C23: 100cft | D23: 24/6/12 | E23: 3700 | N23: 15/5/12 | O23: Babu Roy,Zero 2ed | Q23: 1000 | R23: 5400
A24: chips5/8 | B24: Tarak Pal | C24: 100cft | D24: 29/6/12 | E24: 3700
A25: chips1/2 | B25: Jamai Majhi | C25: 10 bag | D25: 41097 | E25: 600 | N25: 16/5/12 | O25: Arup Mete, Zero 2ed | Q25: 1000 | R25: 5400
A26: chips1/2 | B26: Bansi Majhi | C26: 20 bag | D26: 41067 | E26: 1200 | N26: 16/5/12 | O26: Bhaktada. Zero2ed | Q26: 1000 | R26: 5500
A27: chips1/2 | B27: Subhas | C27: 75 bag | D27: 29/7/12 | E27: 3000 | N27: 18/5/12 | O27: Bhai(dhana),Zero 2ed | Q27: 1000 | R27: 5400
A28: chips5/8 | B28: Raja Roy | C28: 100cft | D28: 30/7/12 | E28: 4000 | N28: 22/5/12 | O28: Bhai(dhana),Zero 2ed | Q28: 2000 | R28: 10800
A29: chips5/8 | B29: Raja Roy | C29: 100cft | D29: 41098 | E29: 4000 | N29: 23/5/12 | O29: Babu Roy,Zero 2ed | Q29: 1000 | R29: 5400
A30: chips5/8 | B30: Sadhon Majhi(Kanchanda) | C30: 3 bag | D30: 41252 | E30: 210 | N30: 27/5/12 | O30: Babu Roy,Zero 2ed | Q30: 1000 | R30: 5400
A31: chips1/2 | B31: Tarak Majhi | C31: 1 bag | D31: 14/7/12 | E31: 60 | N31: 41219 | O31: Raju jha | Q31: 1000 | R31: 5400
A32: chips5/8 | B32: chattu | C32: 100 cft | D32: 29/9/12 | E32: 3700 | N32: 41249 | O32: Babu Roy,nbh 2ed | Q32: 1000 | R32: 5400
A33: chips1/2 | B33: Apex Tower | C33: 10 bag | D33: 18/9/12 | E33: 600 | N33: 15/6/12 | O33: Babu Roy, nbh 2ed | Q33: 1700 | R33: 9180
A34: chips1/2 | B34: Asim Layek | C34: 3 bag | D34: 40918 | E34: 160 | N34: 41067 | O34: Jagonnath, Best 2ed | P34: 5.8 | Q34: 1000 | R34: 5800
A35: chips1/2 | B35: Hable | C35: 7 bag | D35: 41041 | E35: 350 | N35: 27/7/12 | O35: Jahorda own(suresh Majhi), Best 2ed | P35: 5.8 | Q35: 500 | R35: 2900
A36: chips5/8 | B36: Somnath | C36: 9 bag | D36: 41132 | E36: 630 | N36: 16/10/12 | O36: Jinta Enclave | P36: 5.5 | Q36: 300 | R36: 1650
A37: chips1/2 | B37: Asim Layek | C37: 3 bag | D37: 40918 | E37: 160 | N37: 41132 | O37: Somnath, Best 2ed | P37: 5.8 | Q37: 2500 | R37: 14500
A38: chips5/8 | B38: chattu | C38: 100 cft | D38: 29/9/12 | E38: 3700 | N38: 30/9/12 | O38: chattu, Best 2ed | Q38: 1000 | R38: 5300
A39: chips5/8 | B39: Bhaskar | C39: 100 cft | D39: 25/11/12 | E39: 4000 | N39: 41070 | O39: Jinta Enclave, Best 2ed | P39: 5.8 | Q39: 300 | R39: 1740
A40: chips1/2 | B40: samir roy(Babuda) | C40: 20 bag | D40: 21/12/12 | E40: 1100 | N40: 21/11/12 | O40: Siraj(tantipara). Best 2ed | P40: 5.8 | Q40: 700 | R40: 4060
A41: chips1/2 | B41: Nirenda | C41: 20 bag | D41: 29/12/12 | E41: 1000 | N41: 21/11/12 | O41: Mubarak(Beside Siraj) | P41: 5.8 | Q41: 300 | R41: 1740
A42: chips5/8 | B42: Namopara | C42: 90 cft | D42: 27/1/13 | E42: 3400 | N42: 28/11/12 | O42: Saikat, best 2ed | P42: 6 | Q42: 1000 | R42: 6000
A43: chips5/8 | B43: Raju Jha | C43: 300 cft | D43: 20/5/13 | E43: 11100 | N43: 41133 | O43: Siraj(tantipara). Best 2ed | P43: 5.8 | Q43: 300 | R43: 1740
A44: chips5/8 | B44: Raju Jha | C44: 100 cft | D44: 21/5/13 | E44: 3600 | N44: 17/2/13 | O44: Satyajit Koner | Q44: 900 | R44: 5200
A45: chips1/2 | B45: Raju Jha | C45: 100 cft | D45: 27/7/13 | E45: 2700
A46: chips1/2 | B46: Nirenda | C46: 10 bag | D46: 41490 | E46: 500
A47: chips1/2 | B47: Nirenda | C47: 10 bag | D47: 41282 | E47: 500
A48: chips1/2 | B48: Nirenda | C48: 10 bag | D48: 28/9/13 | E48: 500
A49: chips5/8 | B49: Chandan Sing(Raju Jha) | C49: 100 cft | D49: 41337 | E49: 3700
A50: chips5/8 | B50: Chandan Sing(Raju Jha) | C50: 100 cft | D50: 41551 | E50: 3700
A51: chips5/8 | B51: BSC Club | C51: 15 bag | D51: 22/10/13 | E51: 1200
E74: =SUM(E2:E73) -> 133910 | L74: =SUM(L2:L73) -> 0 | P74: Total | Q74: =SUM(Q2:Q73) -> 50150 | R74: =SUM(R1:R73) -> 272990

Sheet Sheet5
C1: Jinta Enclave
A2: Voucher-no | B2: Chalan no | C2: A/C of | D2: Pay to | E2: Date | F2: Rupees | G2: Rate | H2: Qt
F7: 0 | G7: 1 | H7: 2 | I7: 4 | J7: 7 | K7: 11
F8: 3 | G8: 4 | H8: 5 | I8: 7 | J8: 10 | K8: 14
F9: 4 | G9: 5 | H9: 6 | I9: 8 | J9: 11 | K9: 15
F10: 6 | G10: 7 | H10: 8 | I10: 10 | J10: 13 | K10: 17
F11: 9 | G11: 10 | H11: 11 | I11: 13 | J11: 16 | K11: 20
F16: 0 | G16: 1 | H16: =G16+(G16-F16) -> 2 | I16: =H16+(H16-G16)+1 -> 4 | J16: =I16+(I16-H16)+1 -> 7 | K16: =J16+(J16-I16)+1 -> 11 | L16: =K16+(K16-J16)+1 -> 16 | M16: =L16+(L16-K16)+1 -> 22 | N16: =M16+(M16-L16)+1 -> 29 | O16: =N16+(N16-M16)+1 -> 37 | P16: =O16+(O16-N16)+1 -> 46
F17: 3 | G17: 4 | H17: =G17+(G17-F17) -> 5 | I17: =H17+(H17-G17)+1 -> 7 | J17: =I17+(I17-H17)+1 -> 10 | K17: =J17+(J17-I17)+1 -> 14 | L17: =K17+(K17-J17)+1 -> 19 | M17: =L17+(L17-K17)+1 -> 25 | N17: =M17+(M17-L17)+1 -> 32 | O17: =N17+(N17-M17)+1 -> 40 | P17: =O17+(O17-N17)+1 -> 49
F18: =F16+F17 -> 3 | G18: 5 | H18: =G18+(G18-F18) -> 7 | I18: =H18+(H18-G18) -> 9 | J18: =I18+(I18-H18) -> 11 | K18: =J18+(J18-I18)+1 -> 14 | L18: =K18+(K18-J18)+1 -> 18 | M18: =L18+(L18-K18)+1 -> 23 | N18: =M18+(M18-L18)+1 -> 29 | O18: =N18+(N18-M18)+1 -> 36 | P18: =O18+(O18-N18)+1 -> 44
F19: =F17+F18 -> 6 | G19: 7 | H19: =G19+(G19-F19) -> 8 | I19: =H19+(H19-G19)+1 -> 10 | J19: =I19+(I19-H19)+1 -> 13 | K19: =J19+(J19-I19)+1 -> 17 | L19: =K19+(K19-J19)+1 -> 22 | M19: =L19+(L19-K19)+1 -> 28 | N19: =M19+(M19-L19)+1 -> 35 | O19: =N19+(N19-M19)+1 -> 43 | P19: =O19+(O19-N19)+1 -> 52
F20: =F18+F19 -> 9 | G20: 10 | H20: =G20+(G20-F20) -> 11 | I20: =H20+(H20-G20)+1 -> 13 | J20: =I20+(I20-H20)+1 -> 16 | K20: =J20+(J20-I20)+1 -> 20 | L20: =K20+(K20-J20)+1 -> 25 | M20: =L20+(L20-K20)+1 -> 31 | N20: =M20+(M20-L20)+1 -> 38 | O20: =N20+(N20-M20)+1 -> 46 | P20: =O20+(O20-N20)+1 -> 55
